 Dungeon Crawl Stone Soup version 0.28.0-43-g3370ac3207 (webtiles) character file.

Game seed: 1432218223239609634

121699 protoss039 the Sorcerer (level 16, -2/97 HPs)
             Began as a Deep Elf Earth Elementalist on Mar 4, 2022.
             Was an Elder of Sif Muna.
             Slain by an alligator (5 damage)
             ... on level 2 of the Swamp.
             The game lasted 02:49:13 (48573 turns).

protoss039 the Sorcerer (DEEE)                     Turns: 48573, Time: 02:49:14

Health: -2/97      AC:  7    Str:  5    XL:     16   Next: 33%
Magic:  30/44      EV: 12    Int: 29    God:    Sif Muna [****..]
Gold:   1515       SH:  0    Dex: 15    Spells: 19/60 levels left

rFire   + . .      SeeInvis .   H - staff of air
rCold   + . .      Faith    .   (no shield)
rNeg    . . .      Spirit   .   D - +1 robe {Will+}
rPois   +          Reflect  .   j - +0 helmet
rElec   +          Harm     .   x - scarf {rC+ rF+}
rCorr   .          Rampage  .   b - +0 pair of gloves
Will    ++...                   B - +1 pair of boots {Fly}
Stlth   ++........              (no amulet)
HPRegen 0.26/turn               t - ring of wizardry
MPRegen 0.29/turn               M - ring of poison resistance

@: flying, studying Ice Magic
A: no striking features
a: Renounce Religion, Channel Magic, Forget Spell, Divine Exegesis


You were on level 2 of the Swamp.
You worshipped Sif Muna.
Sif Muna was greatly pleased with you.
You visited 5 branches of the dungeon, and saw 27 of its levels.
You also visited: Ice Cave.

You collected 2549 gold pieces.
You spent 1034 gold pieces at shops.

Inventory:

Hand Weapons
 l - the +9 rapier "Death Rattle" {vorpal, Fly rElec rF++ Int-3}
   (You bought it in a shop on level 1 of the Orcish Mines)

   It inflicts extra damage upon your enemies.
   Int:       It affects your intelligence (-3).
   rF:        It greatly protects you from fire.
   rElec:     It insulates you from electricity.
   Fly:       It grants you flight.
 J - a +2 halberd of flaming
Missiles
 k - 479 stones (quivered)
 E - 2 throwing nets
Armour
 b - a +0 pair of gloves (worn)
 j - a +0 helmet (worn)
 x - a scarf of resistance (worn)
 B - a +1 pair of boots of flying (worn)
 D - a +1 robe of willpower (worn)
Magical Staves
 w - a staff of fire
 H - a staff of air (weapon)
Jewellery
 e - a ring of protection from cold
 i - an amulet of guardian spirit
 t - a ring of wizardry (left hand)
 y - a ring of ice
 M - a ring of poison resistance (right hand)
Wands
 p - a wand of digging (3)
 s - a wand of iceblast (21)
 z - a wand of flame (9)
 C - a wand of paralysis (13)
 K - a wand of charming (8)
 L - a wand of mindburst (2)
 O - a wand of acid (11)
 U - a wand of polymorph (1)
Scrolls
 a - 6 scrolls of magic mapping
 c - 2 scrolls of brand weapon
 f - a scroll of identify
 h - 2 scrolls of fog
 m - a scroll of fear
 o - 2 scrolls of blinking
 r - 4 scrolls of enchant armour
 v - 3 scrolls of teleportation
 F - a scroll of amnesia
 G - a scroll of torment {unknown}
 I - 3 scrolls of enchant weapon
 Q - a scroll of immolation {unknown}
Potions
 d - 4 potions of curing
 g - a potion of heal wounds
 n - a potion of brilliance
 q - 8 potions of might
 u - 2 potions of haste
 A - 3 potions of mutation
 N - 2 potions of magic
 P - a potion of ambrosia
 R - a potion of resistance {unknown}
 S - 2 potions of invisibility
Miscellaneous
 T - a piece from Xom's chessboard (15/15)


   Skills:
 + Level 10.1 Fighting
 - Level 2.4 Dodging
 - Level 2.4 Stealth
 + Level 22.7 Spellcasting
 - Level 10.0 Conjurations
 * Level 9.4 Necromancy
 - Level 2.0 Translocations
 - Level 2.0 Transmutations
 * Level 7.3 Fire Magic
 * Level 9.9 Ice Magic
 - Level 4.0 Air Magic
 - Level 8.0 Earth Magic
 - Level 4.0 Poison Magic
 * Level 13.0 Invocations


You had 19 spell levels left.
You knew the following spells:

 Your Spells              Type           Power      Damage    Failure   Level
a - Sandblast             Erth           100%       2d20      1%          1
b - Passwall              Tmut/Erth      48%        N/A       1%          2
c - Stone Arrow           Conj/Erth      100%       3d13      1%          3
d - Petrify               Tmut/Erth      58%        N/A       1%          4
e - Vampiric Draining     Necr           72%        2d11      1%          3
f - Fireball              Conj/Fire      35%        3d15      1%          5
g - Apportation           Tloc           88%        N/A       1%          1
h - Swiftness             Air            71%        N/A       1%          3
i - Olgreb's Toxic Radia  Pois           54%        N/A       1%          4
j - Simulacrum            Ice/Necr       36%        N/A       1%          6
k - Starburst             Conj/Fire      35%        6d10      1%          6
l - Ignite Poison         Fire/Tmut/Pois 56%        N/A       1%          3

Your spell library contained the following spells:

 Spells                   Type           Power      Damage    Failure   Level
 Animate Skeleton         Necr           100%       N/A       0%          1
 Pain                     Necr           100%       1d9       0%          1
 Beastly Appendage        Tmut           88%        N/A       1%          1
 Foxfire                  Conj/Fire      100%       2x1d9     1%          1
 Shock                    Conj/Air       100%       1d9       1%          1
 Sting                    Tmut/Pois      100%       1d8       1%          1
 Summon Small Mammal      Summ           100%       N/A       1%          1
 Blink                    Tloc           88%        N/A       1%          2
 Ensorcelled Hibernation  Hex/Ice        100%       N/A       1%          2
 Poisonous Vapours        Pois/Air       100%       N/A       1%          2
 Scorch                   Fire           100%       2d10      1%          2
 Static Discharge         Conj/Air       84%        N/A       1%          2
 Wereblood                Tmut           44%        N/A       1%          2
 Call Canine Familiar     Summ           32%        N/A       1%          3
 Conjure Flame            Conj/Fire      70%        6-21      1%          3
 Dazzling Flash           Conj/Hex       100%       N/A       1%          3
 Lesser Beckoning         Tloc           44%        N/A       1%          3
 Ozocubu's Armour         Ice            74%        N/A       1%          3
 Spider Form              Tmut/Pois      50%        N/A       1%          3
 Summon Guardian Golem    Hex/Summ       32%        N/A       1%          3
 Dispel Undead            Necr           72%        3d24      1%          4
 Flame Wave               Conj/Fire      70%        2d13      1%          4
 Iskenderun's Mystic Bla  Conj/Tloc      61%        2d13      1%          4
 Leda's Liquefaction      Hex/Erth       27%        N/A       1%          4
 Sticky Flame             Conj/Fire      70%        2d8       1%          4
 Summon Lightning Spire   Summ/Air       61%        N/A       1%          4
 Agony                    Necr           72%        N/A       1%          5
 Freezing Cloud           Conj/Ice/Air   43%        6-21      1%          5
 Metabolic Englaciation   Hex/Ice        29%        N/A       1%          5
 Alistair's Intoxication  Tmut/Pois      33%        N/A       3%          5
 Cause Fear               Hex            16%        N/A       4%          4
 Manifold Assault         Tloc           44%        N/A       4%          5
 Silence                  Hex/Air        30%        N/A       4%          5
 Summon Cactus Giant      Summ           16%        N/A       50%         6
 Ignition                 Fire           33%        3d10      75%         8
 Dragon Form              Tmut           22%        N/A       80%         7
 Malign Gateway           Summ/Tloc      19%        N/A       89%         7
 Summon Hydra             Summ           16%        N/A       96%         7
 Discord                  Hex            16%        N/A       100%        8
 Summon Horrible Things   Summ           16%        N/A       100%        8
 Dragon's Call            Summ           16%        N/A       100%        9


Dungeon Overview and Level Annotations

Branches:
Dungeon (15/15)            Temple (1/1) D:6            Lair (6/6) D:10
  Swamp (3/4) Lair:2       Spider (0/4) Lair:3        Slime (0/5) Lair:6
    Orc (2/2) D:10            Elf (0/3) Orc:2        Vaults (0/5) D:13
 Depths (0/4) D:15          IceCv (visited)

Altars:
Ashenzari
Cheibriados
Dithmenos
Elyvilon
Fedhas
Gozag
Hepliaklqana
Kikubaaqudgha
Makhleb
Nemelex Xobeh
Okawaru
Qazlal
Ru
Sif Muna
Trog
Uskayaw
Vehumet
Wu Jian
Xom
Yredelemnul
Zin
The Shining One
Beogh

Shops:
D:2 :   D:7 [   D:8 [   Orc:1 (   Orc:2 !![(!

Annotations:
D:4 Menkaure
D:5 3 exclusions
D:10 exclusion: boulder beetle
D:11 1 exclusion
D:13 Jorgrun, Nessos
Swamp:1 Roxanne


Message History

You hear a shout!
The alligator puts on a burst of speed!
Casting: Fireball (mildly dangerous; 1% risk of failure)
Confirm with . or Enter, or press ? or * to list all spells.
Aiming: Fireball (mildly dangerous; 1% risk of failure)
Press: ? - help, Shift-Dir - straight line The fireball explodes!
The fireball engulfs the alligator!!
The alligator is heavily wounded.
The alligator bites you!! The alligator tail-slaps you!
Unknown command.
Unknown command.
Unknown command.
The alligator bites you!! The alligator tail-slaps you!
* * * LOW HITPOINT WARNING * * *
You fly upwards.
There is a stone staircase leading down, spattered with blood here.
Unknown command.
Casting: Fireball (mildly dangerous; 1% risk of failure)
Confirm with . or Enter, or press ? or * to list all spells.
Aiming: Fireball (mildly dangerous; 1% risk of failure)
Press: ? - help, Shift-Dir - straight line The fireball explodes!
The fireball engulfs the alligator!
The alligator is severely wounded.
The alligator is engulfed in a cloud of scalding steam.
The alligator bites you.
* * * LOW HITPOINT WARNING * * *
The alligator misses you.
The alligator is engulfed in a cloud of scalding steam.
The alligator bites you!
* * * LOW HITPOINT WARNING * * *
The alligator barely misses you.
Unknown command.
Okay, then.
Okay, then.
You feel much better.
The alligator is engulfed in a cloud of scalding steam.
The alligator bites you!
* * * LOW HITPOINT WARNING * * *
The alligator tail-slaps you.
You die...

♣....≈≈.♣♣..♣♣♣♣♣♣ ♣.§≈≈≈....
♣♣≈≈≈≈≈≈.........[♣♣ ♣♣≈≈≈≈≈....
♣♣.≈≈≈≈≈≈.....≈≈≈≈≈.♣♣♣≈§≈§≈≈.≈♣♣
≈..≈≈≈≈≈≈.>..≈≈≈≈≈≈≈.≈≈..≈≈≈≈≈..♣
§≈≈..≈≈§≈...≈≈≈≈≈≈≈≈...≈.≈≈≈≈≈≈.♣
≈≈...≈≈≈...≈≈≈≈≈≈≈≈≈≈.≈≈..≈≈≈≈≈§♣
♣♣♣♣♣......≈≈≈§≈§≈≈≈≈..≈≈..≈§≈≈≈♣
♣......≈≈≈§t§≈≈.≈.[≈≈.♣.....≈
♣♣≈≈≈≈≈≈..≈§§@.≈.≈..≈≈.♣.≈..≈≈
♣.≈≈§≈≈≈..§......≈........)♣..
♣♣♣§..≈≈..≈♣....≈.≈≈.....≈♣♣♣♣
♣♣♣......♣♣♣.≈≈≈...≈≈≈.♣♣♣..
♣..≈≈.≈≈.♣≈≈≈≈≈≈.≈≈≈≈≈≈♣♣.≈
♣..≈§.≈≈.≈.≈≈≈≈§≈≈≈≈≈≈.♣♣.≈
♣♣..≈≈≈≈.....≈§≈≈≈≈≈..≈♣§..
♣♣...≈≈≈.......≈≈≈≈≈.≈..♣§≈
♣♣....≈≈≈§≈..≈≈..≈♣.≈≈.≈..≈≈


You could see an alligator (swift).

Vanquished Creatures
  An orc warlord (Orc:2)
  A very ugly thing (D:15)
  An eleionoma (Swamp:2)
  A bunyip (Swamp:2)
  Snorg (D:10)
  A shambling mangrove (Swamp:2)
  Josephine (Swamp:1)
  4 boulder beetles
  A great orb of eyes (D:15)
  11 hydras
  Harold (Lair:1)
  An ogre mage (D:15)
  A catoblepas (Lair:3)
  2 ironbound frosthearts (IceCv)
  5 death yaks (IceCv)
  3 death knights
  10 two-headed ogres
  3 alligators (Swamp:2)
  2 tengu warriors
  Urug (D:11)
  2 orc high priests (Orc:2)
  5 goliath frogs
  3 skeletal warriors (D:14)
  2 bog bodies (Swamp:1)
  A spriggan druid (Swamp:2)
  2 swamp dragons
  A phantasmal warrior (D:14)
  7 orc knights
  A wolf spider (shapeshifter) (D:13)
  An oklob plant (Lair:6)
  7 cyclopes
  2 orc sorcerers (Orc:2)
  13 ugly things
  A cyclops (shapeshifter) (D:15)
  3 will-o-the-wisps (Swamp:1)
  A black mamba (Lair:6)
  An ice statue (IceCv)
  A rust devil (D:8)
  2 molten gargoyles (Lair:3)
  9 elephants
  9 cane toads
  Maggie (D:10)
  A rime drake (Lair:6)
  An unseen horror (D:10)
  8 komodo dragons
  2 kobold demonologists
  A yaktaur (shapeshifter) (D:13)
  7 trolls
  A tengu conjurer (D:13)
  A meliai (shapeshifter) (D:13)
  6 tyrant leeches
  5 hornets
  26 polar bears
  7 blink frogs (Lair:6)
  3 raiju (Lair:6)
  8 dream sheep
  6 slime creatures
  A shadow (D:11)
  A vampire (D:11)
  A jumping spider (shapeshifter) (D:14)
  6 spriggans
  72 yaks
  7 wraiths
  4 wyverns
  9 swamp worms
  2 basilisks (D:10)
  4 vampire mosquitoes (D:13)
  2 acid dragons
  11 water moccasins
  11 wargs
  10 hell hounds (Lair:6)
  2 sky beasts
  44 orc warriors
  11 black bears
  52 wolves
  10 ogres
  A centaur (D:9)
  A phantom (D:4)
  2 kobold brigands
  10 bullfrogs
  7 scorpions
  A water moccasin zombie (D:5)
  A hornet simulacrum (D:13)
  A water moccasin skeleton (D:4)
  8 wights
  2 electric eels (Lair:3)
  5 howler monkeys
  5 lava snakes (Lair:3)
  4 centaur zombies
  3 hounds
  13 orc priests
  5 jellies
  3 iguanas
  12 orc wizards
  A howler monkey skeleton (D:4)
  8 adders
  4 ufetubi
  5 worms
  3 dart slugs
  87 orcs
  6 bats
  5 endoplasms
  8 giant cockroaches
  11 goblins
  7 hobgoblins
  4 jackals
  7 quokkas
  7 ball pythons
  A frilled lizard (D:1)
  15 kobolds
  4 rats
  10 bushes (D:15)
747 creatures vanquished.

Vanquished Creatures (collateral kills)
  Rupert (D:15)
  A dire elephant (Lair:6)
  2 hydras
  2 elephants (Lair:4)
  A black mamba (Lair:6)
  2 cane toads (Lair:6)
  A rime drake (Lair:6)
  2 raiju (Lair:6)
  14 dream sheep
  3 yaks
  A basilisk (Lair:4)
  2 wargs (Lair:6)
  A water moccasin (Lair:4)
  2 hell hounds (Lair:6)
  3 black bears (Lair:6)
  2 wolves (Lair:6)
  A jelly (Lair:6)
  An orc (Orc:2)
42 creatures vanquished.

Vanquished Creatures (others)
  A bloated husk (Swamp:1)
  10 bushes (D:15)
  10 foxfires
  46 fungi
  119 plants
186 creatures vanquished.

Grand Total: 975 creatures vanquished

Notes
Turn   | Place    | Note
-------+----------+-------------------------------------------
     0 | D:1      | protoss039 the Deep Elf Earth Elementalist began the quest
                  | for the Orb.
     0 | D:1      | Reached XP level 1. HP: 10/10 MP: 6/6
   152 | D:1      | Reached XP level 2. HP: 15/15 MP: 4/8
   637 | D:1      | Reached XP level 3. HP: 19/19 MP: 8/10
  1002 | D:1      | Learned a level 2 spell: Passwall
  1062 | D:1      | Learned a level 3 spell: Stone Arrow
  1505 | D:2      | Found Sirea's Book Shoppe.
  1842 | D:2      | Reached skill level 4 in Spellcasting
  2033 | D:2      | Reached XP level 4. HP: 16/24 MP: 8/12
  2632 | D:3      | Found a stormy altar of Qazlal.
  2712 | D:3      | Reached skill level 1 in Conjurations
  2827 | D:3      | Found an iron altar of Okawaru.
  2846 | D:3      | Reached XP level 5. HP: 27/28 MP: 14/14
  3153 | D:3      | Reached skill level 5 in Spellcasting
  3153 | D:3      | Reached skill level 5 in Earth Magic
  3721 | D:3      | Learned a level 4 spell: Petrify
  3867 | D:4      | Noticed Menkaure
  4120 | D:4      | Noticed a phantom
  4122 | D:4      | Killed a phantom
  4123 | D:4      | Reached XP level 6. HP: 32/32 MP: 9/16
  4444 | D:4      | Reached skill level 6 in Spellcasting
  4638 | D:4      | Found a white marble altar of Elyvilon.
  4879 | D:4      | Reached XP level 7. HP: 36/36 MP: 12/19
  5019 | D:5      | Entered Level 5 of the Dungeon
  5156 | D:5      | Reached skill level 7 in Spellcasting
  5709 | D:5      | Reached skill level 8 in Spellcasting
  5709 | D:5      | Reached XP level 8. HP: 41/41 MP: 11/22
  6230 | D:5      | Learned a level 3 spell: Vampiric Draining
  6329 | D:6      | Reached skill level 1 in Necromancy
  6526 | D:6      | Reached skill level 5 in Conjurations
  6605 | D:6      | Found a staircase to the Ecumenical Temple.
  6614 | D:6      | Reached skill level 9 in Spellcasting
  6617 | Temple   | Entered the Ecumenical Temple
  7475 | D:6      | Learned a level 1 spell: Apportation
  7516 | D:7      | Found a blossoming altar of Fedhas.
  7516 | D:7      | Found a hide-covered altar of Uskayaw.
  7517 | D:7      | Found a shimmering blue altar of Sif Muna.
  7523 | D:7      | Found a radiant altar of Vehumet.
  7528 | D:7      | Became a worshipper of Sif Muna the Loreminder
  7968 | D:7      | Reached skill level 1 in Invocations
  8013 | D:7      | Found Lefasyrr's Armour Boutique.
  8020 | D:7      | Bought a +1 pair of boots of flying for 198 gold pieces
  8217 | D:7      | Reached skill level 1 in Translocations
  8428 | D:7      | Reached XP level 9. HP: 46/46 MP: 17/24
  8433 | D:7      | Reached skill level 1 in Fighting
  8893 | D:7      | Noticed a rust devil
  8893 | D:7      | Noticed a rust devil
  8898 | D:8      | Reached * piety under Sif Muna
  8900 | D:8      | Killed a rust devil
  8901 | D:8      | Reached skill level 10 in Spellcasting
  9560 | D:8      | Found a broken altar of Ashenzari.
  9566 | D:8      | Found Lemoq's Armour Boutique.
  9898 | D:8      | Learned a level 4 spell: Sticky Flame
 10512 | D:9      | Reached skill level 1 in Fire Magic
 10965 | D:9      | Reached skill level 11 in Spellcasting
 11358 | D:10     | Entered Level 10 of the Dungeon
 11402 | D:10     | Found a staircase to the Lair.
 11402 | D:10     | Noticed an elephant
 11426 | D:10     | Reached XP level 10. HP: 55/55 MP: 5/27
 11448 | D:10     | Killed an elephant
 11609 | D:10     | Noticed Snorg
 11617 | D:10     | Killed Snorg
 12009 | D:10     | Reached ** piety under Sif Muna
 12010 | D:10     | Reached skill level 12 in Spellcasting
 12106 | D:10     | Found a staircase to the Orcish Mines.
 12246 | D:10     | Noticed a two-headed ogre
 12249 | D:10     | Killed a two-headed ogre
 12519 | D:10     | Noticed a boulder beetle
 12566 | D:10     | Noticed Maggie
 12576 | D:10     | Killed Maggie
 12580 | D:10     | Identified the +5 shortbow of Peril {venom, Dex+8}
 12831 | D:10     | Reached skill level 5 in Invocations
 13215 | D:11     | Noticed a cyclops
 13218 | D:11     | Killed a cyclops
 13218 | D:11     | Noticed a two-headed ogre
 13219 | D:11     | Reached skill level 13 in Spellcasting
 13238 | D:11     | Killed a two-headed ogre
 13239 | D:11     | Reached XP level 11. HP: 49/61 MP: 4/30
 13401 | D:11     | Noticed a two-headed ogre
 13414 | D:11     | Killed a two-headed ogre
 13489 | D:11     | Reached skill level 14 in Spellcasting
 13754 | D:11     | Noticed Urug
 13769 | D:11     | Killed Urug
 14062 | D:11     | Noticed a two-headed ogre
 14073 | D:11     | Killed a two-headed ogre
 14488 | D:11     | Learned a level 4 spell: Olgreb's Toxic Radiance
 14498 | D:12     | Noticed a seven-headed hydra
 14577 | D:12     | Learned a level 3 spell: Swiftness
 14708 | D:12     | Noticed a two-headed ogre
 14715 | D:12     | Reached skill level 15 in Spellcasting
 14725 | D:12     | Killed a two-headed ogre
 14728 | D:12     | Reached skill level 1 in Air Magic
 14728 | D:12     | Reached skill level 1 in Poison Magic
 14879 | D:12     | Noticed a boulder beetle
 14879 | D:12     | Noticed a purple ugly thing
 14896 | D:12     | Killed a boulder beetle
 15170 | D:12     | Reached skill level 5 in Necromancy
 15264 | D:12     | Noticed a fire dragon
 15942 | D:13     | Noticed a boulder beetle
 15956 | D:13     | Killed a boulder beetle
 15973 | D:13     | Noticed Nessos
 16097 | D:13     | Noticed a white ugly thing
 16116 | D:13     | Killed a white ugly thing
 16275 | D:13     | Noticed a death knight
 16297 | D:13     | Noticed a tengu warrior
 16435 | D:12     | Reached skill level 16 in Spellcasting
 16439 | D:12     | Reached XP level 12. HP: 45/67 MP: 11/34
 16785 | D:12     | Noticed a two-headed ogre
 17137 | D:12     | Killed a two-headed ogre
 17378 | D:13     | Killed a tengu warrior
 17726 | D:13     | Noticed Jorgrun
 17860 | Lair:1   | Entered Level 1 of the Lair of Beasts
 17906 | Lair:1   | Noticed a four-headed hydra
 18124 | D:10     | Reached skill level 5 in Fighting
 18313 | Lair:1   | Noticed Harold
 18481 | Lair:1   | Killed Harold
 18661 | Lair:1   | Noticed a six-headed hydra
 18829 | Lair:2   | Found a staircase to the Swamp.
 19332 | Lair:1   | Killed a six-headed hydra
 19333 | Lair:1   | Reached skill level 17 in Spellcasting
 19500 | Lair:1   | Killed a four-headed hydra
 20964 | Lair:2   | Reached skill level 18 in Spellcasting
 21797 | D:8      | Bought a scarf of resistance for 384 gold pieces
 22095 | Lair:3   | Reached XP level 13. HP: 74/74 MP: 25/37
 22658 | Lair:3   | Found a hole to the Spider Nest.
 23014 | Lair:3   | Reached skill level 19 in Spellcasting
 23167 | Lair:3   | Reached *** piety under Sif Muna
 24622 | Lair:4   | Found a frozen archway.
 24628 | Lair:4   | Reached skill level 20 in Spellcasting
 24637 | IceCv    | Entered an ice cave
 25723 | IceCv    | Reached **** piety under Sif Muna
 25837 | IceCv    | Reached skill level 21 in Spellcasting
 26214 | IceCv    | Reached skill level 10 in Invocations
 26502 | IceCv    | Reached XP level 14. HP: 82/82 MP: 30/41
 26664 | Lair:4   | Learned a level 6 spell: Simulacrum
 26677 | Lair:4   | Reached skill level 1 in Ice Magic
 27891 | Lair:5   | Reached skill level 5 in Ice Magic
 28205 | Lair:5   | Reached ***** piety under Sif Muna
 28211 | Lair:5   | Received a gift from Sif Muna
 29416 | Lair:5   | Learned a level 5 spell: Fireball
 29417 | Lair:6   | Entered Level 6 of the Lair of Beasts
 30656 | Lair:5   | HP: 3/84 [cane toad (23)]
 31346 | Lair:6   | Found a staircase to the Slime Pits.
 32274 | Lair:6   | Received a gift from Sif Muna
 33436 | Lair:6   | Reached XP level 15. HP: 91/91 MP: 17/42
 33705 | D:10     | Learned a level 6 spell: Starburst
 33706 | Orc:1    | Entered Level 1 of the Orcish Mines
 34147 | Orc:2    | Entered Level 2 of the Orcish Mines
 34200 | Orc:1    | Noticed an orc warlord
 34204 | Orc:1    | Received a gift from Sif Muna
 34481 | Orc:1    | Got Sif Muna's Collected Works on Conjuration and Changing
                  | {god gift}
 35533 | Orc:2    | Found Rielegy's Armour Emporium.
 37088 | Orc:2    | Found a staircase to the Elven Halls.
 37208 | Orc:2    | Received a gift from Sif Muna
 37209 | Orc:2    | Got Inilen's Tome of the Oath and the Entourage {god gift}
 37443 | Orc:2    | Found Toicloid's Weapon Boutique.
 37443 | Orc:2    | Found Nelacoul's Distillery.
 37458 | Orc:2    | Bought a potion of heal wounds for 75 gold pieces
 37878 | Orc:2    | Found Inerch's Distillery.
 37878 | Orc:2    | Found Relitz's Distillery.
 37884 | Orc:2    | Bought a potion of curing for 42 gold pieces
 37884 | Orc:2    | Bought a potion of heal wounds for 70 gold pieces
 37884 | Orc:2    | Bought a potion of curing for 42 gold pieces
 37893 | Orc:2    | Bought a potion of heal wounds for 70 gold pieces
 38210 | Orc:1    | Found Jyabun's Antique Weapon Boutique.
 38218 | Orc:1    | Bought a translucent rapier for 153 gold pieces
 38218 | Orc:1    | Identified the +9 rapier "Death Rattle" {vorpal, Fly rElec
                  | rF++ Int-3} (You bought it in a shop on level 1 of the
                  | Orcish Mines)
 38583 | Orc:2    | Killed an orc warlord
 39290 | D:12     | HP: 4/92 [death knight/+0 morningstar (18)]
 39995 | D:13     | Found a gate to the Vaults.
 40136 | D:14     | Reached skill level 10 in Fighting
 40985 | D:14     | Reached skill level 5 in Fire Magic
 41579 | D:14     | Identified the +0 scale mail of Negligence {Drain rElec
                  | Str+5 SInv}
 41792 | D:15     | Entered Level 15 of the Dungeon
 42161 | D:15     | Reached skill level 22 in Spellcasting
 42173 | D:15     | Noticed Rupert
 42185 | D:15     | Killed Rupert
 43767 | D:15     | Found a staircase to the Depths.
 43940 | Swamp:1  | Entered Level 1 of the Swamp
 44221 | Swamp:1  | Learned a level 3 spell: Ignite Poison
 44221 | Swamp:1  | Noticed Josephine
 44540 | Swamp:1  | Killed Josephine
 44545 | Swamp:1  | Reached XP level 16. HP: 68/97 MP: 2/44
 45428 | Swamp:1  | You are sucked into a shaft and drop 1 floor!
 45557 | Swamp:1  | Identified Roxanne's Papyrus of Transformation
 45557 | Swamp:1  | Noticed Roxanne
 46676 | Swamp:2  | Found a shadowy altar of Dithmenos.
 46998 | Swamp:2  | Reached skill level 10 in Conjurations
 48572 | Swamp:2  | HP: 1/97 [alligator (16)]
 48573 | Swamp:2  | Slain by an alligator

Illustrated notes

Levels and vault maps discovered:
D:1:      saegor_arrival_simple_c, layout_basic, minmay_misc_feat_four_crosses,
          minmay_pentomino_r2
D:2:      layout_basic, serial_shops, shop
D:3:      layout_loops_cross, mainiacjoe_overflow_large_starburst,
          hangedman_glass_teeth
D:4:      layout_gridville, lemuel_round_altar, gup_sewer_entry_pipe,
          uniq_menkaure
D:5:      layout_gridville
D:6:      layout_basic, minmay_temple_entry_junction_2
D:7:      cheibrodos_iron_armory, layout_basic,
          nicolae_overflow_quartered_altars, serial_shops, shop,
          nrook_pool_corridor, hex_large, corexii_leaking_fountain
D:8:      layout_basic, ashenzari_altar_1, serial_shops, shop_fountains
D:9:      layout_basic
D:10:     layout_loops_corners, david_lair_generic, erik_orc_3, uniq_snorg,
          uniq_maggie
D:11:     layout_cave_pods, uniq_urug
D:12:     minmay_evil_eye, layout_basic
D:13:     layout_rooms, david_vaults_2, uniq_nessos, uniq_jorgrun
D:14:     layout_loops_ring, serial_bayou_lagoon_a
D:15:     gammafunk_enter_depths_forms, layout_long_grid, minmay_hedge_maze,
          uniq_rupert
Temple:   eino_temple_water
Lair:1:   layout_regular_city, uniq_harold
Lair:2:   layout_roguey, minmay_swamp_entry_reptiles,
          nicolae_volcano_entry_hallway, wad_woods_02
Lair:3:   cheibrodos_magma_flow, layout_regular_city,
          nicolae_spider_entry_non_spiders, serial_bayou_shore_a
Lair:4:   layout_loops_ring, portal_ice_cave_entry_pillars_1, st_stairs_7,
          beast_lair_carwin_10
Lair:5:   layout_layer_cave, grunt_megastairs_4
Lair:6:   hangedman_lair_caniforms_friends, layout_cave_shapes, wormcave,
          nicolae_slime_entry_slimehenge, st_stairs_12, grunt_megastairs_1
Swamp:1:  layout_basic_swamp, serial_swamp_ruin, evilmike_swamp_ruin_house_2,
          hangedman_swamp_ruin_hall, evilmike_swamp_ruin_wall, uniq_roxanne,
          uniq_josephine
Swamp:2:  layout_basic_swamp, basic_altar, swamp_pool3,
          infiniplex_staircase_pool
Swamp:3:  layout_basic_swamp, evilmike_swamp_ruin_house_5, swamp_pool1,
          infiniplex_staircase_pool_2
Orc:1:    layout_caves, serial_shops, shop, nicolae_orc_bridge_out
Orc:2:    st_orc_town, layout_caves, serial_shops, nicolae_shop_hallway_stairs,
          mines2_david

Skill      XL: |  1  2  3  4  5  6  7  8  9 10 11 12 13 14 15 16 |
---------------+-------------------------------------------------+-----
Earth Magic    | 4 5 6 7 8 |  8.0
Transmutations | 2 |  2.0
Spellcasting   | 4 5 6 8 9 11 13 16 18 21 22 | 22.7
Conjurations   | 1 2 3 4 5 7 8 9 10 | 10.0
Necromancy     | 3 4 5 6 8 9 |  9.4
Invocations    | 1 3 5 7 8 10 12 13 | 13.0
Translocations | 1 2 |  2.0
Fighting       | 2 4 5 7 9 10 | 10.1
Fire Magic     | 2 4 6 7 |  7.3
Air Magic      | 2 4 |  4.0
Poison Magic   | 2 4 |  4.0
Ice Magic      | 8 9 |  9.9
Dodging        | |  2.4
Stealth        | |  2.4

Action                   |  1- 3 |  4- 6 |  7- 9 | 10-12 | 13-15 | 16-18 || total
-------------------------+-------+-------+-------+-------+-------+-------++-------
Melee: Unarmed           |     1 |       |       |       |       |       ||     1
       Dagger            |    13 |       |       |       |       |       ||    13
       Short sword       |    26 |    55 |    10 |       |       |       ||    91
       Halberd           |       |       |       |    20 |    78 |       ||    98
       Staff             |       |       |       |       |     1 |       ||     1
Throw: Throwing net      |       |       |       |       |       |     2 ||     2
       Stone             |       |       |       |       |       |     1 ||     1
 Cast: Sandblast         |    33 |    10 |     5 |    10 |    48 |       ||   106
       Stone Arrow       |    11 |    49 |   129 |   281 |   394 |     1 ||   865
       Passwall          |       |     1 |       |    20 |    12 |       ||    33
       Vampiric Draining |       |       |     7 |    10 |     8 |     4 ||    29
       Petrify           |       |       |     2 |    49 |    43 |     8 ||   102
       Sticky Flame      |       |       |     2 |     9 |       |       ||    11
       Swiftness         |       |       |       |    14 |    27 |     5 ||    46
       Olgreb's Toxic Ra |       |       |       |    38 |   153 |       ||   191
       Fireball          |       |       |       |       |   211 |   126 ||   337
       Simulacrum        |       |       |       |       |    33 |       ||    33
       Starburst         |       |       |       |       |    10 |     1 ||    11
       Ignite Poison     |       |       |       |       |     1 |     1 ||     2
Invok: Channel Magic     |       |       |       |     6 |     4 |     2 ||    12
Evoke: Wand              |       |       |       |       |    23 |       ||    23
  Use: Scroll            |       |     2 |     8 |    11 |    15 |     4 ||    40
       Potion            |       |       |       |     2 |     8 |     4 ||    14
 Stab: Sleeping          |     2 |     4 |       |       |     1 |       ||     7
       Petrified         |       |       |       |    13 |       |       ||    13
Armor: Robe              |     4 |    22 |    11 |    37 |   114 |     6 ||   194
Dodge: Dodged            |    49 |    37 |    17 |    70 |   237 |    38 ||   448
